 Dungeon Crawl Stone Soup version 0.29.0-4-gdea44cf6ec (webtiles) character file.

Game seed: 5309985664544819611

45 qw the Ruffian (level 3, -2/28 HPs)
             Began as a Ghoul Fire Elementalist on Aug 29, 2022.
             Slain by a worm (3 damage)
             ... on level 2 of the Dungeon.
             The game lasted 00:01:38 (2278 turns).

qw the Ruffian (Ghoul Fire Elementalist)            Turns: 2278, Time: 00:01:39

Health: -2/28      AC:  3    Str: 13    XL:     3   Next: 64%
Magic:  4/4        EV: 12    Int: 10    God:
Gold:   111        SH:  0    Dex:  9    Spells: 4/5 levels left

rFire   . . .      SeeInvis .     - Unarmed
rCold   + . .      Faith    .   (no shield)
rNeg    + + +      Spirit   .   a - +0 robe
rPois   inf        Reflect  .   (no helmet)
rElec   .          Harm     .   e - +0 cloak
rCorr   .          Rampage  .   (no gloves)
Will    .....                   (no boots)
Stlth   ++........              (no amulet)
HPRegen 0.00/turn               (no ring)
MPRegen 0.09/turn               (no ring)

@: inhibited regen
A: claws 1, cold resistance 1, negative energy resistance 3, inhibited
regeneration, torment resistance 2, devour on kill
a: no special abilities


You were on level 2 of the Dungeon.
You visited 1 branch of the dungeon, and saw 2 of its levels.

You collected 111 gold pieces.


Innate Abilities, Weirdness & Mutations

You are immune to poison.
You have sharp fingernails.
Your flesh is cold resistant. (rC+)
You are immune to negative energy. (rN+++)
You do not regenerate when monsters are visible.
You are immune to unholy pain and torment.
You thrive by killing the living.


   Skills:
 - Level 1.2 Fighting
 - Level 1.7 Dodging
 - Level 2.1 Stealth
 + Level 3.1 Unarmed Combat
 - Level 1.7 Spellcasting
 - Level 0.7 Conjurations
 - Level 2.4 Fire Magic


You had 4 spell levels left.
You knew the following spells:

 Your Spells              Type           Power      Damage    Failure   Level
a - Foxfire               Conj/Fire      16%        2x1d4     17%         1

Your spell library contained the following spells:

 Spells                   Type           Power      Damage    Failure   Level
 Scorch                   Fire           10%        2d6       19%         2
 Conjure Flame            Conj/Fire      4%         6-21      45%         3
 Inner Flame              Hex/Fire       3%         N/A       52%         3
 Flame Wave               Conj/Fire      4%         2d5       86%         4

Inventory:

Armour
 a - a +0 robe (worn)
 e - a +0 cloak (worn)
 g - a +0 scale mail
 j - a +0 pair of gloves
Scrolls
 f - a scroll of identify
 h - 2 scrolls of enchant armour {unknown}
Potions
 b - a potion of curing {unknown}
 c - a potion of flight {unknown}
 d - a potion of heal wounds {unknown}
 i - a potion of degeneration {unknown}

Dungeon Overview and Level Annotations

Branches:
Dungeon (2/15)

Altars:


Message History

You scratch the quokka but do no damage.
The quokka is moderately wounded.
The quokka closely misses you.
You scratch the quokka.
The quokka is almost dead.
The quokka bites you.
You claw the quokka!
You kill the quokka!
You feel better.
You barely miss the worm. You scratch the worm.
The worm is moderately wounded.
The worm barely misses you.
You scratch the worm.
The worm is moderately wounded.
You scratch the worm.
The worm is moderately wounded.
The worm bites you.
You barely miss the worm.
The worm is moderately wounded.
The worm bites you but does no damage.
You completely miss the worm.
The worm is moderately wounded.
You scratch the worm but do no damage.
The worm is moderately wounded.
The worm bites you!
You scratch the worm.
The worm is moderately wounded.
You scratch the worm but do no damage.
The worm is moderately wounded.
The worm closely misses you.
You scratch the worm.
The worm is severely wounded.
You scratch the worm.
The worm is almost dead.
The worm bites you!
You scratch the worm.
The worm is almost dead.
The worm bites you.
You die...

#~~.~~~~~~~~
#..~~~~~~~#
##..~~~~~#
####|##### #.....#
##### ......##
#...
...<...#####.#####
.................#
.[...#######.###@#
.....# #.# #w#
####.# #.# #.# #+#
..[ ... .## ... #.
..... #. .....
.......


You could see a worm.

Vanquished Creatures
  3 dart slugs (D:2)
  3 endoplasms
  A giant cockroach (D:2)
  3 goblins
  4 hobgoblins
  4 kobolds
  8 quokkas
  A ball python (D:2)
  3 bats
  A frilled lizard (D:2)
  2 rats
33 creatures vanquished.

Notes
Turn   | Place    | Note
-------+----------+-------------------------------------------
     0 | D:1      | qw the Ghoul Fire Elementalist began the quest for the Orb.
     0 | D:1      | Reached XP level 1. HP: 14/14 MP: 2/2
     0 | D:1      | 0 ||| qw: Version: 0.1-a-90-g952f4b7
     0 | D:1      | 0 ||| qw: Game counter: 4180
     0 | D:1      | 0 ||| qw: Always use a shield: true
     0 | D:1      | 0 ||| qw: God list: Okawaru
     0 | D:1      | 0 ||| qw: Allow faded altars: false
     0 | D:1      | 0 ||| qw: Do Orc after D:15 true
     0 | D:1      | 0 ||| qw: Do second Lair branch before Depths: true
     0 | D:1      | 0 ||| qw: Lair rune preference: random
     0 | D:1      | 0 ||| qw: Plans: Normal
     0 | D:1      | 0 ||| PLANNING D:1-11
   173 | D:1      | Reached skill level 1 in Unarmed Combat
   302 | D:1      | 302 ||| Stepping ~*~*~tactically~*~*~ (stealth).
   311 | D:1      | Reached skill level 1 in Fighting
   311 | D:1      | Reached XP level 2. HP: 20/23 MP: 3/3
   793 | D:1      | 793 ||| Stepping ~*~*~tactically~*~*~ (stealth).
   794 | D:1      | 794 ||| Stepping ~*~*~tactically~*~*~ (stealth).
   797 | D:1      | 797 ||| Stepping ~*~*~tactically~*~*~ (stealth).
  1074 | D:1      | Reached skill level 2 in Unarmed Combat
  1177 | D:1      | 1177 ||| UPGRADING to +0 cloak.
  1182 | D:1      | 1182 ||| READING scroll labelled TAOLIFOTUP.
  1183 | D:1      | 1183 ||| READING scroll labelled GAMOAM WEYLACW.
  1184 | D:1      | 1184 ||| READING scroll labelled OFAMMO SUL SEL.
  1185 | D:1      | 1185 ||| DROPPING potion of magic.
  1249 | D:2      | 1249 ||| Stepping ~*~*~tactically~*~*~ (stealth).
  1251 | D:2      | 1251 ||| Stepping ~*~*~tactically~*~*~ (stealth).
  1264 | D:2      | HP: 5/23 [quokka (2)]
  1579 | D:2      | Reached XP level 3. HP: 28/28 MP: 4/4
  2022 | D:2      | 2022 ||| Stepping ~*~*~tactically~*~*~ (stealth).
  2026 | D:2      | 2026 ||| Stepping ~*~*~tactically~*~*~ (stealth).
  2028 | D:2      | 2028 ||| Stepping ~*~*~tactically~*~*~ (hiding).
  2066 | D:2      | Reached skill level 3 in Unarmed Combat
  2277 | D:2      | HP: 1/28 [worm (11)]
  2278 | D:2      | Slain by a worm

Levels and vault maps discovered:
D:1:      saegor_arrival_simple_b, layout_loops_ring
D:2:      layout_loops_corners, basic_altar, grunt_ministairs_3,
          chequers_serial_rivers_large_a, kennysheep_generic_room_9

Skill      XL: |  1  2  3 |
---------------+----------+-----
Unarmed Combat | 1 2 3 |  3.1
Fighting       | 1 |  1.2
Dodging        | |  1.7
Stealth        | |  2.1
Spellcasting   | |  1.7
Conjurations   | |  0.7
Fire Magic     | |  2.4

Action                   || total
-------------------------++-------
Melee: Unarmed           ||   155
       Punch             ||     1
  Use: Scroll            ||     3
 Stab: Distracted        ||     1
Armor: Robe              ||    20
Dodge: Dodged            ||    81

Table legend:
 A = Non-vault XP
 B = Vault XP
 C = Vault XP percentage of total XP
 D = Non-vault monster count
 E = Vault monster count
 F = Vault count percentage of total count
                 A         B        C        D         E       F
            +---------+---------+-------+---------+---------+-------
      Total |      59 |       6 |   9.2 |      30 |       3 |   9.1
            +---------+---------+-------+---------+---------+-------
        D:1 |      29 |       0 |   0.0 |      16 |       0 |   0.0
        D:2 |      30 |       6 |  16.7 |      14 |       3 |  17.6
            +---------+---------+-------+---------+---------+-------
